[Event "Early-Titled-Tuesday-Blitz-February-13-2024"]
[Site "Chess.com"]
[Date "2024.02.13"]
[Round "9"]
[White "PolandHussars"]
[Black "ilqar_74"]
[Result "1-0"]
[WhiteElo "2613"]
[BlackElo "2789"]
[TimeControl "180+1"]
[EndTime "9:48:49 PST"]
[Termination "PolandHussars won by resignation"]

1. e4 c5 2. Ne2 d6 3. g3 g6 4.
Bg2 Bg7 5. c3 Nc6 6. d4 cxd4 7.
cxd4 e6 8. Nbc3 Nge7 9. O-O O-O 10. h3 d5 11. e5 Bd7 12. Bg5 h6 13. Be3 Rc8 14. g4 Na5 15. b3 b5 16. Qd2 Kh7 17. f4 b4 18. Nd1 Qb6 19. Nb2 Nb7 20. Nd3 a5 21. Ng3 Rc3 22. Nc5 Nxc5 23. dxc5 Qb5 24.
Rfd1 f6 25. exf6 Bxf6 26. Ne2 Rxc5 27. Nd4 Qb6 28. Rab1 Qc7 29. Kh1 Rc3 30. Bg1 Rc8 31.
Re1 Qd6 32. Rbd1 Bg7 33. Bh2 Qb6 34. Bg1 Qa6 35. Qe2 Qxe2 36. Rxe2 Bxd4 37. Bxd4 Rc2 38.
Rde1 Rxe2 39. Rxe2 Rc1+ 40. Kh2 Nc6 41. Bf2 Kg7 42.
f5 gxf5 43. gxf5 Kf7 44. fxe6+ Bxe6 45. Bf3 Ne5 46. Rxe5 Ra1 47. Re2 Bf5 48. Bxd5+ Kg6 49. Bd4 Rd1 50. Rg2+ 1-0

[Event "Early-Titled-Tuesday-Blitz-February-13-2024"]
[Site "Chess.com"]
[Date "2024.02.13"]
[Round "9"]
[White "krasavetc"]
[Black "Alen_Yeremyann"]
[Result "1-0"]
[WhiteElo "2639"]
[BlackElo "2773"]
[TimeControl "180+1"]
[EndTime "9:48:50 PST"]
[Termination "krasavetc won by resignation"]

1. e4 Nf6 2. e5 Nd5 3. c4 Nb6 4. d4 d6 5. exd6 cxd6 6. Nc3 g6 7. Be2 Bg7 8. h3 O-O 9. Nf3 Bf5 10. b3 d5 11. c5 Nc8 12. Bb2 Be4 13. Nxe4 dxe4 14.
Ne5 Nc6 15. O-O e6 16. Nxc6 bxc6 17. Bc4 Ne7 18. Re1 f5 19. f3 Nd5 20. fxe4 fxe4 21.
Rxe4 Qg5 22. Qg4 Qxg4 23. hxg4 Kh8 24. Rxe6 Nb4 25. a3 Nc2 26. Rd1 Rad8 27. Re4 Rfe8 28. Rxe8+ Rxe8 29. Rd2 Ne3 30. Re2 h5 31. gxh5 gxh5 32.
Bf7 Re7 33. Bxh5 Kh7 34. Bf3 Bh6 35. Bxc6 Rf7 36. Bf3 Nd1 37. Ba1 Ne3 38. d5 Bf4 39. d6 Kg6 40. Bd4 Nf5 41. Re6+ Kg5 42.
Bf2 a5 43. b4 axb4 44. axb4 Ra7 45. Re1 Nh4 46. Be4 Bd2 47. Rd1 Bxb4 48. c6 Ra2 49. d7 Be7 50. Bxh4+ Kxh4 51. d8=Q Bxd8 52.
Rxd8 Kg3 53. Rd3+ Kf4 54. Bf3 Ra1+ 55. Kh2 Ra2 56. Rc3 Ra8 57. c7 Rh8+ 58. Kg1 Rc8 59. Bb7 Rg8 60. c8=Q Rg4 61. Qxg4+ Ke5 62. Re3+ Kf6 63.
Qe6+ Kg7 64. Rg3+ Kh7 65. Qg6+ 1-0

[Event "Early-Titled-Tuesday-Blitz-February-13-2024"]
[Site "Chess.com"]
[Date "2024.02.13"]
[Round "9"]
[White "RandomNoob04"]
[Black "carloseduar100"]
[Result "1-0"]
[WhiteElo "2586"]
[BlackElo "2342"]
[TimeControl "180+1"]
[EndTime "9:48:50 PST"]
[Termination "RandomNoob04 won by checkmate"]

1. e4 e6 2. d4 d5 3. e5 c5 4. c3 Nc6 5. Nf3 Qb6 6. Bd3 cxd4 7.
cxd4 f6 8. O-O g6 9. Nc3 Bg7 10. Nb5 fxe5 11. dxe5 Nxe5 12. Bf4 Bd7 13. Bxe5 Bxe5 14.
Nxe5 Bxb5 15. Bxb5+ Qxb5 16. Qf3 Nh6 17. Qf6 Rf8 18.
Qxe6+ Kd8 19. Qd6+ Ke8 20. Rfe1 Nf5 21. Qe6+ Kd8 22.
Rad1 d4 23. g4 Re8 24. Nf7+ Kc7 25. Rc1+ Qc6 26. Rxc6+ bxc6 27. Qxe8 Rxe8 28. Rxe8 Nh4 29. Kf1 Nf3 30. Ke2 Nxh2 31. Re7+ Kb6 32. Kd3 Nxg4 33.
Kxd4 Nxf2 34. Ne5 Nd1 35. Nc4+ Ka6 36. Rxh7 g5 37. Rg7 Nf2 38. Rxg5 Nh3 39. Ra5+ Kb7 40. Rh5 Nf4 41. Rh7+ Ka6 42. Ne5 Kb6 43. b4 Ne6+ 44.
Kc4 Ng5 45. Re7 Nh3 46. a4 Nf4 47. Nd3 Nd5 48. a5+ Ka6 49. Nc5# 1-0

[Event "Early-Titled-Tuesday-Blitz-February-13-2024"]
[Site "Chess.com"]
[Date "2024.02.13"]
[Round "9"]
[White "Quattroporte300"]
[Black "Caroexpert"]
[Result "0-1"]
[WhiteElo "2425"]
[BlackElo "2550"]
[TimeControl "180+1"]
[EndTime "9:48:51 PST"]
[Termination "Caroexpert won on time"]

1. e4 c6 2. d4 d5 3. Nc3 dxe4 4. Nxe4 Nf6 5. Nxf6+ exf6 6. c3 Bd6 7. Bd3 O-O 8.
Qc2 Re8+ 9. Ne2 h5 10. Be3 Nd7 11. O-O-O b5 12. d5 c5 13. Bxb5 Rb8 14. Bd3 Qa5 15. b3 Ne5 16. Nf4 Nxd3+ 17. Nxd3 c4 18. bxc4 Ba3+ 19. Kd2 Ba6 20. Rb1 Bxc4 21. Rxb8 Rxb8 22.
Rb1 Rd8 23. Bd4 Qxd5 24. f3 Qg5+ 25. Ke1 Bxd3 26. Qxd3 Qxg2 27. Qe2 Qg6 28. Rb3 Bd6 29. Kf1 a5 30. Rb5 a4 31. Rd5 f5 32. c4 Qe6 33. Qg2 g6 34. Qe2 Rd7 35. Bc3 Kf8 36.
Qd3 Ke7 37. Qd4 f6 38. Kf2 Be5 39. Bb4+ Ke8 40. Rxd7 Bxd4+ 41. Rxd4 f4 0-1

[Event "Early-Titled-Tuesday-Blitz-February-13-2024"]
[Site "Chess.com"]
[Date "2024.02.13"]
[Round "9"]
[White "campochess"]
[Black "sansanathalia"]
[Result "0-1"]
[WhiteElo "2146"]
[BlackElo "2388"]
[TimeControl "180+1"]
[EndTime "9:48:51 PST"]
[Termination "sansanathalia won by resignation"]

1. Nf3 Nf6 2. b3 d5 3. Bb2 Nbd7 4. e3 e6 5. c4 Be7 6. Be2 O-O 7.
O-O b6 8. d4 Bb7 9. Ne5 Nxe5 10.
dxe5 Ne8 11. cxd5 Bxd5 12. Nc3 Bb7 13. Qc2 c5 14. Rad1 Qc8 15. Rd2 Nc7 16. Rb1 Nd5 17.
Ne4 Nb4 18. Qd1 Bxe4 19. a3 Nc6 20. Rc1 Rd8 21. Bb5 Rxd2 22. Qxd2 Qc7 23. f3 Bg6 24.
Qc3 h6 25. Rd1 Rd8 26. Rxd8+ Nxd8 27. Bd3 Bxd3 28. Qxd3 Nc6 29. f4 Qd8 30. Qxd8+ Nxd8 31. Kf2 Nc6 32. Bc3 Kf8 33. Ke2 c4 34. bxc4 Bxa3 35. Kd3 Bb4 36. Bb2 Ke7 37. g4 a5 38. h4 Bc5 39. e4 a4 40. f5 g6 41. Bc1 h5 42.
gxh5 gxh5 43. Bb2 a3 44. Ba1 a2 45. Bb2 Kd7 46. Ba1 Ba3 47. Kc2 Bc5 48. Kd3 Bf2 49. Kc2 Bxh4 50. Kb3 Bg3 51. Kxa2 Bxe5 52. Bxe5 Nxe5 0-1

[Event "Early-Titled-Tuesday-Blitz-February-13-2024"]
[Site "Chess.com"]
[Date "2024.02.13"]
[Round "9"]
[White "Kunalm64"]
[Black "kylelancman"]
[Result "0-1"]
[WhiteElo "2508"]
[BlackElo "2440"]
[TimeControl "180+1"]
[EndTime "9:48:52 PST"]
[Termination "kylelancman won by checkmate"]

1. e4 c5 2. Nf3 g6 3. c3 Nf6 4. e5 Nd5 5. d4 cxd4 6. cxd4 Bg7 7. Bc4 Nb6 8. Bb3 O-O 9. O-O d6 10. h3 Nc6 11. Qe2 Bf5 12. Nc3 dxe5 13. d5 Nd4 14.
Nxd4 exd4 15. Ne4 Nxd5 16. Rd1 Rc8 17. Bg5 Nf6 18. Ng3 Qd7 19. Qf3 Rc5 20. Bd2 Rd8 21.
Bb4 Rc7 22. Nxf5 Qxf5 23. Qe2 d3 24. Qe3 b6 25. Bc3 Nd5 26. Bxd5 Qxd5 27. Bxg7 Kxg7 28. Rd2 Qd4 29. Qe1 e5 30. Rad1 e4 31. Kh2 Qe5+ 32.
g3 Rcd7 33. Qe3 f5 34. h4 Qc5 35. Qg5 h6 36. Qf4 Qd6 37. Qe3 Qd4 38. Qf4 Rd5 39. h5 g5 40. Qc7+ R8d7 41. Qb8 Qf6 42. Qe8 Re7 43. Qb8 f4 44. Kg2 f3+ 45. Kf1 Qf7 46.
g4 Qf4 47. Qa8 Qh2 48. Rxd3 Qh1# 0-1

[Event "Early-Titled-Tuesday-Blitz-February-13-2024"]
[Site "Chess.com"]
[Date "2024.02.13"]
[Round "9"]
[White "FairChess_on_YouTube"]
[Black "ViIIagra"]
[Result "1-0"]
[WhiteElo "3089"]
[BlackElo "2966"]
[TimeControl "180+1"]
[EndTime "9:48:53 PST"]
[Termination "FairChess_on_YouTube won by resignation"]

1. e4 c5 2. Nc3 Nc6 3. Bb5 Qc7 4. Nd5 Qb8 5. Nf3 e6 6. Ne3 Nge7 7. c3 a6 8. Ba4 b5 9. Bc2 c4 10. O-O Ng6 11.
b3 Na5 12. bxc4 bxc4 13. Rb1 Qc7 14. Nd4 Be7 15. f4 Nc6 16. Nxc6 Qxc6 17. Qe2 Bc5 18. Kh1 Bxe3 19. dxe3 O-O 20. Ba3 Re8 21. e5 Bb7 22. Bd6 f5 23. exf6 gxf6 24. Rfd1 f5 25. Rd4 Rac8 26. e4 Ba8 27. Qe3 Kf7 28. Rf1 Qb6 29. Qh3 Kg7 30. Ba3 Bc6 31. Rfd1 Rc7 32. Bd6 Rb7 33.
Qg3 Qb2 34. R4d2 Qxa2 35. exf5 exf5 36. Bxf5 Rb2 37. Be5+ Rxe5 38. Rxb2 Qxb2 39. fxe5 Qe2 40. Re1 Qxg2+ 41. Qxg2 Bxg2+ 42. Kxg2 Nh4+ 43. Kg3 Nxf5+ 44.
Kf4 Ne7 45. Ke4 Kf7 46. Ra1 1-0

[Event "Early-Titled-Tuesday-Blitz-February-13-2024"]
[Site "Chess.com"]
[Date "2024.02.13"]
[Round "9"]
[White "AttilaTurzo"]
[Black "Chesstiger64"]
[Result "1-0"]
[WhiteElo "2485"]
[BlackElo "2322"]
[TimeControl "180+1"]
[EndTime "9:48:53 PST"]
[Termination "AttilaTurzo won by resignation"]

1. d4 d6 2. e4 g6 3. c3 Bg7 4. Nf3 Nd7 5. Be3 e5 6. dxe5 Nxe5 7. Nxe5 Bxe5 8. Bc4 Qe7 9. O-O Be6 10. Nd2 Bg7 11.
Qa4+ c6 12. Qc2 Nf6 13. f3 O-O 14. Rfe1 Bxc4 15. Nxc4 a5 16. a4 d5 17. exd5 Nxd5 18. Bf2 Qg5 19. Qd2 Qxd2 20. Nxd2 Rfd8 21. Nc4 Nxc3 22.
bxc3 Bxc3 23. Rab1 Bxe1 24. Bxe1 b5 25. axb5 cxb5 26. Nxa5 b4 27. Bxb4 Rdb8 28. Nc6 Re8 29. Ne7+ Kg7 30. Bc3+ f6 31. Nd5 Re2 32. Bxf6+ Kf7 33.
Rb7+ Ke8 34. Nc7+ Kf7 35. Nxa8+ Kxf6 36. Rxh7 g5 37. Nc7 Kg6 38. Rd7 Rc2 39. h3 g4 40.
hxg4 Kg5 41. Kh2 Kf4 42. Nd5+ Ke5 43. Kg3 Ke6 44. Nb6 Rc6 45. Rb7 Kf6 46. Nd5+ Ke5 47. Ne3 Rc3 48. Nf5 Kf6 49. Rb6+ Kg5 50. Rb5 Rc6 51.
Ne7+ Kf6 52. Nxc6 1-0

[Event "Early-Titled-Tuesday-Blitz-February-13-2024"]
[Site "Chess.com"]
[Date "2024.02.13"]
[Round "9"]
[White "GoValya"]
[Black "Zampronha1971"]
[Result "0-1"]
[WhiteElo "2262"]
[BlackElo "2316"]
[TimeControl "180+1"]
[EndTime "9:48:54 PST"]
[Termination "Zampronha1971 won on time"]

1. d4 Nf6 2. Nf3 e6 3. a3 c5 4. g3 cxd4 5. Nxd4 d5 6. Bg2 e5 7.
Nb3 Nc6 8. Bg5 Be6 9. O-O Be7 10. Nc3 d4 11. Bxf6 gxf6 12. Ne4 Bd5 13. f4 f5 14.
Ned2 Bxg2 15. Kxg2 Qd5+ 16. Nf3 O-O-O 17. fxe5 Nxe5 18.
Nxd4 Ng4 19. Qd3 Bf6 20. Qxf5+ Qxf5 21. Nxf5 Bxb2 22. Ra2 Bc3 23. h3 Nf6 24. Ng5 Rd7 25. Nxf7 Rd2 26. Nxh8 Ne4 27. Kf3 Ng5+ 28. Kg4 Ne6 29.
Nf7 Rxe2 30. N7d6+ Kc7 31. Rb1 b6 32. a4 a6 33. Ra3 Be5 34. Nc4 Bf6 35. Re3 Rxc2 36. Na3 Rc6 37. Rb2 Bxb2 38. Nb1 Bc1 39. Re2 Rc4+ 40.
Kf3 Nc5 41. Nd2 Bxd2 42. Rxd2 Nxa4 43. Ne3 Rc3 44. Ke4 Nc5+ 45. Kd4 Rc1 46. Nd5+ Kc6 47. Ne7+ Kb5 48. Rb2+ Ka5 49. Nd5 Na4 50. Rb3 Rd1+ 51. Kc4 b5+ 0-1

[Event "Early-Titled-Tuesday-Blitz-February-13-2024"]
[Site "Chess.com"]
[Date "2024.02.13"]
[Round "9"]
[White "FGHSMN"]
[Black "Zavgorodniy_Sergiy"]
[Result "0-1"]
[WhiteElo "2972"]
[BlackElo "2676"]
[TimeControl "180+1"]
[EndTime "9:48:55 PST"]
[Termination "Zavgorodniy_Sergiy won by resignation"]

1. d4 d5 2. Bf4 Nf6 3. e3 e6 4.
Nf3 c5 5. Nbd2 Bd6 6. Ne5 Qc7 7. c3 O-O 8. Bd3 b6 9. h4 Ba6 10. Bxa6 Nxa6 11. h5 Nb8 12. h6 g6 13. Qf3 Nfd7 14.
Bg3 f6 15. Nxd7 Nxd7 16. Bxd6 Qxd6 17. O-O e5 18. Qh3 f5 19. dxe5 Nxe5 20. Rad1 Rad8 21.
Nf3 Nxf3+ 22. Qxf3 Qe5 23. Rd2 Rd6 24. Rfd1 Rfd8 25. c4 d4 26. exd4 Rxd4 27. Rxd4 cxd4 28. Qb7 d3 29. Qxa7 d2 30. Qxb6 Qe1+ 31. Kh2 Qxd1 32.
Qxd8+ Kf7 33. Qd7+ Kf6 34. f3 Qe1 35. Qd6+ Kg5 36.
Qd8+ Kxh6 37. Qf8+ Kh5 38. g4+ Kg5 39. Qd8+ Kf4 40. Qd4+ Kxf3 41. Qd3+ Kxg4 42. Qd4+ f4 43. Qd7+ Kf3 44. Qh3+ Ke2 45. Qg4+ Kd3 46. Qf3+ Kc2 47.
Qc3+ Kb1 48. Qd3+ Ka1 49. b4 d1=Q 0-1

[Event "Early-Titled-Tuesday-Blitz-February-13-2024"]
[Site "Chess.com"]
[Date "2024.02.13"]
[Round "9"]
[White "SHIVACalypso"]
[Black "amiqu"]
[Result "0-1"]
[WhiteElo "2478"]
[BlackElo "2099"]
[TimeControl "180+1"]
[EndTime "9:48:56 PST"]
[Termination "amiqu won by resignation"]

1. c4 e6 2. g3 d5 3. Bg2 dxc4 4. Qa4+ Nd7 5. Qxc4 a6 6. Nf3 b5 7. Qc2 Bb7 8. O-O Ngf6 9. d3 Be7 10. b3 O-O 11. Bb2 c5 12. Nbd2 Rc8 13. Rac1 Qb6 14. Qb1 Rfd8 15.
Rfd1 h6 16. Qa1 a5 17. a4 bxa4 18. Qxa4 Bc6 19. Qa1 Ra8 20. d4 cxd4 21. Rxc6 Qxc6 22. Nxd4 Qa6 23. Nc6 Bc5 24. Nxd8 Rxd8 25. Nc4 Rb8 26. Qxa5 Qxa5 27. Nxa5 Rb5 28. Bc6 Rxa5 29. Bxd7 Nxd7 30. Rxd7 Ra2 31. Rd2 Bb4 32. Rc2 Kh7 33.
Rc4 Rxb2 34. Rxb4 Rxe2 35. Rb7 Rb2 36. b4 Kg6 37. b5 Kf6 38. b6 h5 39. Kf1 g6 40. Rb8 Kf5 41. Ke1 Kg4 42. h4 Kf3 43. Rf8 Rb1+ 44. Kd2 Rxb6 45. Rxf7+ Kg4 46. Rf4+ Kh3 47.
Rf6 Kg2 48. Ke3 Rb3+ 49. Ke4 Rb2 50. Ke3 Rb3+ 51. Ke4 Rb2 52. Rxe6 Re2+ 53. Kd5 Rxe6 54. Kxe6 Kxf2 55. Kf6 Kxg3 56. Kg5 Kh3 57. Kxg6 Kxh4 58. Kf5 Kg3 59. Ke4 h4 60. Ke3 h3 0-1

[Event "Early-Titled-Tuesday-Blitz-February-13-2024"]
[Site "Chess.com"]
[Date "2024.02.13"]
[Round "9"]
[White "DenLaz"]
[Black "KuzubovYuriy"]
[Result "1-0"]
[WhiteElo "3069"]
[BlackElo "2955"]
[TimeControl "180+1"]
[EndTime "9:48:57 PST"]
[Termination "DenLaz won by resignation"]

1. d4 g6 2. c4 Bg7 3. Nf3 d6 4. g3 Nh6 5. Bg2 O-O 6. Nc3 Nd7 7. O-O e5 8. dxe5 dxe5 9. Qc2 Nf5 10. Rd1 c6 11. e3 Qc7 12. Rb1 Re8 13. b3 Nc5 14.
Ba3 Bf8 15. Bb2 a5 16. Ng5 Nd6 17. Ba3 b6 18. Bxc5 bxc5 19. Na4 Nb7 20. Rd2 Be7 21. Ne4 Be6 22. Rbd1 f5 23. Nec3 e4 24. Nxe4 fxe4 25.
Qxe4 Bf8 26. Qxc6 Re7 27. Nxc5 Nxc5 28. Qxc7 Rxc7 29. Bxa8 a4 30. b4 Na6 31. b5 Nc5 32.
Bd5 Kf7 33. b6 Rc8 34. Rb1 Rb8 35. Rb5 Kf6 36. b7 Bd7 37. Rb6+ Ke7 38. e4 Bg7 39. e5 Bf5 40. Rc6 Nd7 41. e6 Ne5 42. Rc7+ Kf6 43.
Rc8 Rxb7 44. Bxb7 Bxe6 45. Rc5 Nxc4 46. Re2 Nd6 47. Bd5 Bf5 48. Rc6 Bf8 49. a3 h5 50.
h4 g5 51. hxg5+ Kxg5 52. Re5 Kf6 53. Re8 Be7 54. Rb8 Ke5 55. Bf3 Bd7 56. Rc5+ Kf6 57. Rb6 Kf7 58. Rd5 Nc4 59. Bxh5+ Kg7 60. Rg6+ Kh7 61. Rxd7 1-0

[Event "Early-Titled-Tuesday-Blitz-February-13-2024"]
[Site "Chess.com"]
[Date "2024.02.13"]
[Round "9"]
[White "VladimirKramnik"]
[Black "ChessSkool"]
[Result "1-0"]
[WhiteElo "2933"]
[BlackElo "2713"]
[TimeControl "180+1"]
[EndTime "9:48:57 PST"]
[Termination "VladimirKramnik won on time"]

1. e4 c6 2. d4 d5 3. e5 Bf5 4. h4 h5 5. Bd3 Bxd3 6. Qxd3 Qa5+ 7. c3 Qa6 8. Qxa6 Nxa6 9. e6 fxe6 10. Nf3 Nh6 11.
Bf4 g6 12. Nbd2 Nf7 13. O-O-O Bh6 14. Bxh6 Rxh6 15. Rde1 Nc7 16. Nb3 b6 17. Kc2 Kd7 18. Nc1 Rf8 19. Nd3 Nd8 20. Re2 Ne8 21. Ng5 Kd6 22.
Rhe1 Nc7 23. b4 Rf6 24. Kb3 Rh8 25. g3 Rhf8 26. a4 Nb7 27. Nh7 c5 28. Ne5 c4+ 29. Kc2 Rg8 30. f4 Nd8 31. b5 Rf5 32. Nf3 Nf7 33. Nhg5 Nxg5 34. hxg5 Rff8 35. Nh4 Ra8 36. Rb1 a6 37. bxa6 Rxa6 38. Rb2 Kc6 39. Rb4 Kd7 40.
Re1 Kc6 41. Reb1 Ne8 42. Nf3 Nc7 43. Ne5+ Kb7 44. Nd7 Rd8 45. Nc5+ Ka7 46. Nxa6 Nxa6 47. Rxb6 1-0

[Event "Early-Titled-Tuesday-Blitz-February-13-2024"]
[Site "Chess.com"]
[Date "2024.02.13"]
[Round "9"]
[White "Dyadya81"]
[Black "platy3"]
[Result "0-1"]
[WhiteElo "2819"]
[BlackElo "2943"]
[TimeControl "180+1"]
[EndTime "9:48:58 PST"]
[Termination "platy3 won by resignation"]

1. e4 c5 2. b4 cxb4 3. Bb2 Nf6 4. e5 Nd5 5. c4 bxc3 6. Nxc3 Nxc3 7. Bxc3 d5 8. exd6 Qxd6 9. Bc4 Be6 10. Qe2 Bxc4 11. Qxc4 Nc6 12. Nf3 e6 13. O-O Rc8 14. Rfe1 Qd7 15.
Qg4 h5 16. Qg3 Rh6 17. Nh4 Qd6 18. Qxd6 Bxd6 19. Nf5 Bf4 20. Nxh6 Bxh6 21. Rab1 Rc7 22. Rb5 g6 23. Bf6 Bxd2 24. Reb1 b6 25. Rd1 Bh6 26. Rb3 Ne7 27. Rc3 Rxc3 28. Bxc3 Nd5 29. Bd2 Bf8 30.
Kf1 Bc5 31. Ke2 Ke7 32. Rc1 Kd6 33. h3 b5 34. f3 a6 35. g4 hxg4 36. fxg4 f5 37.
g5 e5 38. h4 e4 39. h5 gxh5 40. g6 f4 41. g7 f3+ 42. Kf1 Nf6 43. Bf4+ Kd5 44. Bg5 Ng8 45. Rd1+ Ke6 46. Rc1 Bd4 47. Rc6+ Kf5 48. Rc8 Kxg5 49. Rxg8 e3 50. Re8 e2+ 51. Ke1 Bxg7 52. Kf2 Bc3 53. Kxf3 e1=Q 54. Rxe1 Bxe1 55. a4 bxa4 56. Kg2 Bc3 0-1

[Event "Early-Titled-Tuesday-Blitz-February-13-2024"]
[Site "Chess.com"]
[Date "2024.02.13"]
[Round "9"]
[White "AttackSparrow"]
[Black "GelmanAlexander"]
[Result "1-0"]
[WhiteElo "2633"]
[BlackElo "2756"]
[TimeControl "180+1"]
[EndTime "9:48:59 PST"]
[Termination "AttackSparrow won on time"]

1. Nf3 c5 2. e3 d6 3. d4 Nd7 4.
c4 Ngf6 5. Nc3 a6 6. Be2 e6 7. O-O b6 8. b3 Bb7 9. Bb2 Rg8 10.
d5 g5 11. e4 g4 12. Ne1 Qe7 13. Nd3 h5 14. a3 h4 15. b4 Bh6 16. bxc5 dxc5 17. e5 Nh5 18. Ne4 Kf8 19. Bc1 Bxc1 20. Qxc1 Rg6 21. Nd6 Rb8 22. Nxb7 Rxb7 23. h3 exd5 24.
Bxg4 Nxe5 25. Nxe5 Qxe5 26. Re1 Qg5 27. Qb2 Nf6 28.
Bf3 Rd7 29. Qxb6 dxc4 30. Qb8+ Kg7 31. Qe5 c3 32. Rac1 Rd3 33. Qxg5 Rxg5 34. Be2 Rxh3 35. Bxa6 c2 36. Rxc2 Rxa3 37. Bf1 Ra7 38. Rec1 Rc7 39.
Be2 Nd7 40. Bb5 Nf8 41. Kh2 Ne6 42. Bc4 Nf4 43. Bf1 Kf6 44. Rc4 Ke5 45. Re1+ Kf5 46. Rec1 Ne6 47. Re1 Rg4 48. Bd3+ Kg5 49. Re5+ f5 50.
Rxf5+ Kh6 51. Rxg4 1-0

[Event "Early-Titled-Tuesday-Blitz-February-13-2024"]
[Site "Chess.com"]
[Date "2024.02.13"]
[Round "9"]
[White "kikoveiga"]
[Black "regenda"]
[Result "1-0"]
[WhiteElo "2529"]
[BlackElo "2143"]
[TimeControl "180+1"]
[EndTime "9:49:00 PST"]
[Termination "kikoveiga won by resignation"]

1. c4 Nf6 2. Nc3 g6 3. e4 d6 4.
g3 Bg7 5. Bg2 O-O 6. Nge2 c6 7.
O-O Qa5 8. d4 Qh5 9. Nf4 Qxd1 10.
Rxd1 e5 11. dxe5 dxe5 12. Nd3 Nfd7 13. c5 a5 14. Be3 Na6 15. a3 Nc7 16. b4 Ne6 17. Ne2 Rd8 18. Nb2 Nd4 19. Nxd4 exd4 20. Bg5 f6 21. Bf4 Ne5 22. Bxe5 fxe5 23. Nc4 Be6 24. Nxa5 Rd7 25. Bf1 Kf7 26. Bc4 Bf8 27.
Bxe6+ Kxe6 28. Nc4 Rdd8 29. Rd3 Be7 30. f4 Bf6 31. a4 Bg7 32. a5 Rf8 33. Rf1 Rf7 34. Nd6 Rd7 35. fxe5 Bxe5 36. Nc4 Re8 37. Kg2 Bg7 38.
Ra1 Rf7 39. a6 bxa6 40. Rxa6 Ref8 41. Rxc6+ Kd7 42. Rd6+ Kc7 43. e5 Rf2+ 44. Kh3 R2f3 45. Rxf3 Rxf3 46. Rxd4 Rb3 47. Nd6 Bxe5 48. Nb5+ Kc6 49.
Na7+ Kb7 50. Rd7+ Ka6 51. Nc6 Bf6 52. Rf7 Kb5 53. Rxf6 1-0

[Event "Early-Titled-Tuesday-Blitz-February-13-2024"]
[Site "Chess.com"]
[Date "2024.02.13"]
[Round "9"]
[White "Conejoviejo67"]
[Black "dianamirza"]
[Result "1-0"]
[WhiteElo "2439"]
[BlackElo "1965"]
[TimeControl "180+1"]
[EndTime "9:49:01 PST"]
[Termination "Conejoviejo67 won by checkmate"]

1. e4 c5 2. Nc3 a6 3. a4 Nc6 4. g3 e6 5. Bg2 Qc7 6. f4 Nf6 7. d3 d5 8. exd5 exd5 9. Nxd5 Nxd5 10. Bxd5 Be7 11. Ne2 O-O 12. O-O Bh3 13. Bg2 Bxg2 14. Kxg2 Nd4 15. c3 Qc6+ 16. Kf2 Nf3 17. h3 Rfd8 18. Be3 Nh2 19. Ng1 Nxf1 20. Qxf1 b5 21. a5 c4 22. d4 b4 23. Nf3 Bf6 24. g4 bxc3 25. bxc3 g6 26. Nd2 Rac8 27. g5 Bg7 28. Rb1 Re8 29. Rb4 Qe6 30. Qe2 Qxh3 31. Nxc4 Qh4+ 32.
Kf1 Qh1+ 33. Kf2 Qh2+ 34. Ke1 Qxe2+ 35. Kxe2 h5 36. gxh6 Bxh6 37. Kd3 Kg7 38. Bd2 Re6 39. Rb7 Kf6 40. Ne5 Re7 41. Rb6+ Re6 42. Rb7 Re7 43.
Rb1 Ke6 44. Rb6+ Kf5 45. Rxa6 Bxf4 46. Bxf4 Kxf4 47. Rf6+ Kg3 48. Nxf7 Rf8 49. Rxg6+ Kh4 50. Ne5 Kh5 51. Rb6 Ra7 52. Rb5 Rfa8 53. Nc6+ Kg6 54.
Nxa7 Rxa7 55. Kc4 Kf7 56. Kb4 Ke6 57. Rb6+ Kd7 58. Kb5 Kc7 59. c4 Kd7 60. c5 Kc8 61.
d5 Kd8 62. d6 Kc8 63. c6 Kd8 64. Rb8# 1-0

[Event "Early-Titled-Tuesday-Blitz-February-13-2024"]
[Site "Chess.com"]
[Date "2024.02.13"]
[Round "9"]
[White "FredddieCroderg"]
[Black "Alenzer"]
[Result "0-1"]
[WhiteElo "2298"]
[BlackElo "2144"]
[TimeControl "180+1"]
[EndTime "9:49:02 PST"]
[Termination "Alenzer won on time"]

1. e4 c5 2. Bc4 e6 3. Qf3 Nc6 4. d3 Nd4 5. Qd1 d5 6. Bb3 Nf6 7. Nc3 Nxb3 8. axb3 dxe4 9. Nxe4 Nxe4 10. dxe4 Qxd1+ 11. Kxd1 Be7 12. Ke2 e5 13. f3 a6 14.
Be3 O-O 15. Kf2 f5 16. exf5 Bxf5 17. c3 Bc2 18. Ne2 Bxb3 19. Ng3 Bd5 20. Rhd1 Bc6 21.
Ke2 Rad8 22. Ne4 Bb5+ 23. Kf2 b6 24. b3 Bc6 25. Ke2 Rxd1 26. Rxd1 Rd8 27. Ra1 a5 28. c4 h6 29. Nc3 Kf7 30. Na4 Bxa4 31. bxa4 Rd6 32. Rb1 Ke6 33. Bf2 Bg5 34. Be3 Bxe3 35.
Kxe3 g5 36. Rb3 Kf5 37. g3 h5 38. h3 Ke6 39. Rd3 Rd4 40. g4 hxg4 41. hxg4 Rxc4 42.
Rd8 Rxa4 43. Rb8 Rb4 44. Re8+ Kf6 45. Rf8+ Ke7 46. Rf5 Ke6 47. Rxg5 a4 48. Rg6+ Kd5 49. Rg8 b5 50. g5 a3 51. g6 a2 52. g7 a1=Q 53.
Rd8+ Kc6 0-1

[Event "Early-Titled-Tuesday-Blitz-February-13-2024"]
[Site "Chess.com"]
[Date "2024.02.13"]
[Round "9"]
[White "bazar-wokzal"]
[Black "soloderisas"]
[Result "0-1"]
[WhiteElo "2658"]
[BlackElo "2541"]
[TimeControl "180+1"]
[EndTime "9:49:03 PST"]
[Termination "soloderisas won by checkmate"]

1. e4 e5 2. Bc4 Nc6 3. f4 exf4 4. d4 g5 5. h4 Bg7 6. c3 h6 7. hxg5 Qxg5 8. Nf3 Qg3+ 9. Kf1 d6 10. Bd2 Nf6 11. Qe2 O-O 12. Rh4 Ng4 13. Be1 Ne3+ 14. Kg1 Qg6 15.
Rxf4 Nxc4 16. Qxc4 Re8 17. Nbd2 Re7 18. Bh4 Re8 19.
Rf1 Bd7 20. Nh2 Be6 21. Qb5 Rf8 22. d5 Bh3 23. R1f2 Ne5 24. Bf6 h5 25. Bxg7 Qxg7 26.
Ndf3 Ng6 27. Rf5 Bxf5 28. exf5 Ne7 29. Nd4 Qf6 30. Qe2 Kh7 31. Qxh5+ Qh6 32. Qf3 Ng8 33.
Ng4 Qc1+ 34. Rf1 Qg5 35. f6 Nh6 36. Nxh6 Qxh6 37. Kf2 Rae8 38. g4 Qd2+ 39. Kg3 Re3 40. Rh1+ Kg6 41. Rh5 Rxf3+ 42. Nxf3 Qe3 43. Rf5 Re8 44.
Kg2 Re4 45. Nh4+ Kh7 46. Rf3 Qe2+ 47. Kg3 Qe1+ 48. Kg2 Rxg4+ 49. Kh3 Qxh4# 0-1

[Event "Early-Titled-Tuesday-Blitz-February-13-2024"]
[Site "Chess.com"]
[Date "2024.02.13"]
[Round "9"]
[White "rezamahdavi2008"]
[Black "GMBenjaminBok"]
[Result "0-1"]
[WhiteElo "2844"]
[BlackElo "2980"]
[TimeControl "180+1"]
[EndTime "9:49:04 PST"]
[Termination "GMBenjaminBok won by resignation"]

1. d4 Nf6 2. c4 e6 3. Nf3 b6 4. g3 Ba6 5. b3 Bb4+ 6. Bd2 Be7 7. Bg2 O-O 8. O-O d5 9. Qc2 c5 10. Rd1 Nc6 11. dxc5 bxc5 12. Bg5 h6 13. Bxf6 Bxf6 14. Nc3 Qa5 15. Rac1 d4 16. Ne4 Be7 17. a3 Rab8 18. Ne1 Qb6 19. Nd3 Bb7 20. Rb1 a5 21. b4 cxb4 22.
c5 Qb5 23. axb4 axb4 24. Nd6 Bxd6 25. cxd6 Rfd8 26. Bxc6 Bxc6 27. Nxb4 Ba8 28. Rxd4 Qe5 29. Rbd1 Rbc8 30. Qd2 Qf5 31. f3 e5 32. Rd3 e4 33.
Re3 exf3 34. exf3 Qc5 35. Kg2 Rd7 36. Rd3 Rcd8 37. Rd4 Qf5 38. Qd3 Qf6 39. Nc2 Rxd6 40. Rxd6 Rxd6 41. Qe2 Qxf3+ 42. Qxf3 Bxf3+ 43. Kxf3 Rxd1 44. Ne3 Ra1 45. h4 Ra3 46. h5 g6 47. hxg6 fxg6 48. Kf4 Kg7 49. Kf3 h5 50. Kf4 Ra4+ 51. Kf3 Kf6 52.
Nd5+ Kg5 53. Ne3 Ra3 54. Kf2 Rxe3 55. Kxe3 Kg4 56. Kf2 Kh3 57. Kf3 g5 0-1

[Event "Early-Titled-Tuesday-Blitz-February-13-2024"]
[Site "Chess.com"]
[Date "2024.02.13"]
[Round "9"]
[White "bulletteemo"]
[Black "Oleksandr_Bortnyk"]
[Result "1-0"]
[WhiteElo "2614"]
[BlackElo "3042"]
[TimeControl "180+1"]
[EndTime "9:49:05 PST"]
[Termination "bulletteemo won by resignation"]

1. e4 Nf6 2. e5 Nd5 3. d4 d6 4. exd6 exd6 5. Nf3 Be7 6. Bd3 O-O 7. O-O Nb4 8. Bc4 Bf5 9. Bb3 Nd7 10. Nc3 Nf6 11.
Bf4 Qd7 12. a3 Nc6 13. d5 Nd8 14. h3 Ne4 15. Ne2 Bf6 16. Ned4 Bg6 17. c3 c5 18. Ba4 Qc7 19. Nb5 Qb6 20. Nd2 Nxd2 21. Qxd2 Be7 22. Rfe1 a6 23. Rxe7 axb5 24. Bc2 b4 25. a4 bxc3 26.
Qxc3 Bxc2 27. Qxc2 f6 28. Ra3 Nf7 29. Rb3 Qa6 30.
Rbxb7 Qxa4 31. Qxa4 Rxa4 32. Bxd6 Rb4 33. Bxc5 Rxb7 34.
Rxb7 Rd8 35. Be7 Ra8 36. d6 h5 37. d7 Kh7 38. Rc7 Ra1+ 39. Kh2 Rd1 40. b4 Kg6 41. b5 Rb1 42. Rb7 Rb2 43. d8=Q Nxd8 44. Bxd8 Rxf2 45.
b6 Rb2 46. Rd7 f5 47. b7 f4 48. Kg1 Kf5 49. Rxg7 Rb1+ 50. Kf2 Rb2+ 51. Ke1 Ke4 52.
Bf6 Rb6 53. Bg5 f3 54. gxf3+ Kxf3 55. Rf7+ Ke4 56. Bf4 Rb1+ 57. Kd2 Rb2+ 58. Kc3 Rxb7 59. Rxb7 Kxf4 60. Kd4 Kg3 61. Rb3+ Kf4 62. Kd5 h4 63. Ke6 Kg5 64. Ke5 1-0